3R
MAINE SEA DOGS @ BETHLEHEM ANGEL KITTIES
08/09/2041
 
TOP OF THE 1ST
Maine Sea Dogs batting - Pitching for Bethlehem Angel Kitties : RHP Francisco Díaz
Pitching: RHP Francisco Díaz
Batting: LHB Bill Fisher 0-0: Foul Ball, location: 2F
0-1: Foul Ball, location: 2F
0-2: Ball
1-2: Ball
2-2: SINGLE (Groundball, 6MD, EV 111.2 MPH)
Batting: RHB Jesús Bonilla 0-0: Called Strike
0-1: Called Strike
0-2: Ball
1-2: Foul Ball, location: 2F
1-2: Ball
2-2: Strikes out looking
Batting: RHB Michael Lindsey 0-0: Swinging Strike
0-1: Foul Ball, location: 2F
0-2: Ball
1-2: Foul Ball, location: 2F
1-2: Ball
2-2: Foul Ball, location: 2F
2-2: Foul Ball, location: 2F
2-2: Strikes out swinging
Batting: LHB Juan Sapinoso 0-0: Swinging Strike
0-1: Foul Ball, location: 2F
0-2: Foul Ball, location: 2F
0-2: Foul Ball, location: 2F
0-2: Ball
1-2: Fly out, F9 (Flyball, 89M, EV 74.4 MPH)
Top of the 1st over - 0 runs, 1 hit, 0 errors, 1 left on base; Maine 0 - Bethlehem 0
BOTTOM OF THE 1ST
Bethlehem Angel Kitties batting - Pitching for Maine Sea Dogs : LHP Christiansen Chemnitz
Pitching: LHP Christiansen Chemnitz
Batting: LHB Norm Williams 0-0: Foul Ball, location: 2F
0-1: Bunt for hit to 3S - play at first, batter OUT! 3-4
Batting: SHB Daniel Washington 0-0: Foul Ball, location: 2F
0-1: Ground out 4-3 (Groundball, 4, EV 88.8 MPH)
Batting: LHB Ernesto Valenzuela 0-0: Called Strike
0-1: Foul Ball, location: 2F
0-2: Foul Ball, location: 2F
0-2: Foul Ball, location: 2F
0-2: Ball
1-2: Ground out 4-3 (Groundball, 4, EV 103.1 MPH)
Bottom of the 1st over - 0 runs, 0 hits, 0 errors, 0 left on base; Maine 0 - Bethlehem 0
TOP OF THE 2ND
Maine Sea Dogs batting - Pitching for Bethlehem Angel Kitties : RHP Francisco Díaz
Batting: RHB Michael Weber 0-0: Ground out 4-3 (Groundball, 4, EV 100.6 MPH)
Batting: LHB Héctor Ancelno 0-0: Ball
1-0: SINGLE (Groundball, 6D, EV 101.9 MPH)
Batting: SHB George McMahon 0-0: Ball
1-0: Swinging Strike
1-1: Called Strike
1-2: Ball
2-2: Ball
3-2: Fly out, F5 (Popup, 25F, EV 80.0 MPH)
Batting: RHB Max Brown 0-0: Called Strike
0-1: Foul Ball, location: 2F
0-2: Strikes out looking
Top of the 2nd over - 0 runs, 1 hit, 0 errors, 1 left on base; Maine 0 - Bethlehem 0
BOTTOM OF THE 2ND
Bethlehem Angel Kitties batting - Pitching for Maine Sea Dogs : LHP Christiansen Chemnitz
Batting: RHB Hwui-ning Chen 0-0: Called Strike
0-1: Foul Ball, location: 2F
0-2: Strikes out looking
Batting: SHB Toshiaki Watanabe 0-0: Ball
1-0: SINGLE (Groundball, 34D, EV 108.1 MPH)
Batting: RHB Ángelo Gallegos 0-0: Ball
1-0: Ball
2-0: Called Strike
2-1: Swinging Strike
2-2: Foul Ball, location: 2F
2-2: Fly out, F7 (Flyball, 78D, EV 104.4 MPH)
Batting: RHB Christian L'Écuyer 0-0: Called Strike
0-1: Foul Ball, location: 2F
0-2: Strikes out looking
Bottom of the 2nd over - 0 runs, 1 hit, 0 errors, 1 left on base; Maine 0 - Bethlehem 0
TOP OF THE 3RD
Maine Sea Dogs batting - Pitching for Bethlehem Angel Kitties : RHP Francisco Díaz
Batting: RHB Joe Fuller 0-0: Ball
1-0: Ball
2-0: Ground out U3 (Groundball, 34, EV 84.4 MPH)
Batting: LHB Bill Fisher 0-0: Ground out 6-3 (Groundball, 6, EV 106.9 MPH)
Batting: RHB Jesús Bonilla 0-0: Ball
1-0: Ground out 5-3 (Groundball, 56S, EV 73.1 MPH)
Top of the 3rd over - 0 runs, 0 hits, 0 errors, 0 left on base; Maine 0 - Bethlehem 0
BOTTOM OF THE 3RD
Bethlehem Angel Kitties batting - Pitching for Maine Sea Dogs : LHP Christiansen Chemnitz
Batting: LHB Cam Nicholson 0-0: Ball
1-0: Foul Ball, location: 2F
1-1: Ball
2-1: Swinging Strike
2-2: SINGLE (Line Drive, 89S, EV 101.2 MPH)
Batting: RHB Wyatt Shepherd 0-0: SINGLE (Groundball, 6MD, EV 96.2 MPH)
Cam Nicholson to second
Runner from 2nd tries for 3rd, SAFE, no throw by CF
Batting: LHB Norm Williams 0-0: Called Strike
0-1: Called Strike
0-2: Foul Ball, location: 2F
0-2: Strikes out looking
Batting: SHB Daniel Washington 0-0: Ball
1-0: Swinging Strike
1-1: Fly out, F8 (Line Drive, 8RD, EV 103.8 MPH)
Runner from 3rd tags up, SCORES, no throw by CF
Batting: LHB Ernesto Valenzuela 0-0: Called Strike
0-1: Swinging Strike
0-2: Foul Ball, location: 2F
0-2: Strikes out swinging
Bottom of the 3rd over - 1 run, 2 hits, 0 errors, 1 left on base; Maine 0 - Bethlehem 1
TOP OF THE 4TH
Maine Sea Dogs batting - Pitching for Bethlehem Angel Kitties : RHP Francisco Díaz
Batting: RHB Michael Lindsey 0-0: Ball
1-0: Called Strike
1-1: Swinging Strike
1-2: Strikes out swinging
Batting: LHB Juan Sapinoso 0-0: Ball
1-0: Fly out, F5 (Popup, 5, EV 75.6 MPH)
Batting: RHB Michael Weber 0-0: Called Strike
0-1: Foul Ball, location: 2F
0-2: Strikes out swinging
Top of the 4th over - 0 runs, 0 hits, 0 errors, 0 left on base; Maine 0 - Bethlehem 1
BOTTOM OF THE 4TH
Bethlehem Angel Kitties batting - Pitching for Maine Sea Dogs : LHP Christiansen Chemnitz
Batting: RHB Hwui-ning Chen 0-0: Foul Ball, location: 2F
0-1: Ball
1-1: Foul Ball, location: 2F
1-2: Ball
2-2: DOUBLE (Line Drive, 9LS, EV 106.2 MPH)
Batting: SHB Toshiaki Watanabe 0-0: Ball
1-0: Foul Ball, location: 2F
1-1: Called Strike
1-2: Fly out, F8 (Flyball, 8RD, EV 100.6 MPH)
Batting: RHB Ángelo Gallegos 0-0: Foul Ball, location: 2F
0-1: Ground out 1-3 (Groundball, 34S, EV 69.4 MPH)
Hwui-ning Chen to third
Batting: RHB Christian L'Écuyer 0-0: Foul Ball, location: 2F
0-1: Ball
1-1: Foul Ball, location: 2F
1-2: Strikes out swinging
Bottom of the 4th over - 0 runs, 1 hit, 0 errors, 1 left on base; Maine 0 - Bethlehem 1
TOP OF THE 5TH
Maine Sea Dogs batting - Pitching for Bethlehem Angel Kitties : RHP Francisco Díaz
Batting: LHB Héctor Ancelno 0-0: Called Strike
0-1: Ball
1-1: Ball
2-1: Called Strike
2-2: Ball
3-2: Foul Ball, location: 2F
3-2: Base on Balls
Batting: SHB George McMahon 0-0: Ball
1-0: SINGLE (Groundball, 4MD, EV 113.1 MPH)
Héctor Ancelno to second
Batting: RHB Max Brown 0-0: Called Strike
0-1: Ball
1-1: Fly out, F9 (Line Drive, 9, EV 99.4 MPH)
Batting: RHB Joe Fuller 0-0: Called Strike
0-1: SINGLE (Groundball, 34, EV 78.1 MPH) (infield hit)
Héctor Ancelno to third
George McMahon to second
Batting: LHB Bill Fisher 0-0: Ball
1-0: Grounds into fielders choice 1-2 (Groundball, 34S, EV 77.5 MPH)
George McMahon to third
Joe Fuller to second
Batting: RHB Jesús Bonilla 0-0: Ball
1-0: Ball
2-0: Called Strike
2-1: Foul Ball, location: 2F
2-2: Strikes out swinging
Top of the 5th over - 0 runs, 2 hits, 0 errors, 3 left on base; Maine 0 - Bethlehem 1
BOTTOM OF THE 5TH
Bethlehem Angel Kitties batting - Pitching for Maine Sea Dogs : LHP Christiansen Chemnitz
Batting: LHB Cam Nicholson 0-0: Called Strike
0-1: Foul Ball, location: 2F
0-2: Ball
1-2: Ball
2-2: SINGLE (Flyball, 78S, EV 92.5 MPH)
Batting: RHB Wyatt Shepherd 0-0: Ball
1-0: Ball
2-0: Ball
3-0: Called Strike
3-1: Foul Ball, location: 2F
3-2: Foul Ball, location: 2F
3-2: Fly out, F8 (Flyball, 89D, EV 103.1 MPH)
Batting: LHB Norm Williams 0-0: Ball
1-0: Swinging Strike
1-1: Called Strike
1-2: Fly out, F8 (Flyball, 8LD, EV 79.4 MPH)
Batting: SHB Daniel Washington 0-0: DOUBLE (Flyball, 8RD, EV 100.0 MPH)
Cam Nicholson to third
Batting: LHB Ernesto Valenzuela 0-0: Called Strike
0-1: Fly out, F8 (Flyball, 8LS, EV 76.9 MPH)
Bottom of the 5th over - 0 runs, 2 hits, 0 errors, 2 left on base; Maine 0 - Bethlehem 1
TOP OF THE 6TH
Maine Sea Dogs batting - Pitching for Bethlehem Angel Kitties : RHP Francisco Díaz
Batting: RHB Michael Lindsey 0-0: Ground out 5-3 (Groundball, 5S, EV 70.6 MPH)
Batting: LHB Juan Sapinoso 0-0: Fly out, F7 (Flyball, 78M, EV 86.9 MPH)
Batting: RHB Michael Weber 0-0: Called Strike
0-1: Foul Ball, location: 2F
0-2: Ball
1-2: Ground out 4-3 (Groundball, 34, EV 86.9 MPH)
Top of the 6th over - 0 runs, 0 hits, 0 errors, 0 left on base; Maine 0 - Bethlehem 1
BOTTOM OF THE 6TH
Bethlehem Angel Kitties batting - Pitching for Maine Sea Dogs : LHP Christiansen Chemnitz
Batting: RHB Hwui-ning Chen 0-0: Ball
1-0: Foul Ball, location: 2F
1-1: Called Strike
1-2: Strikes out swinging
Batting: SHB Toshiaki Watanabe 0-0: Fly out, F9 (Line Drive, 9D, EV 95.6 MPH)
Batting: RHB Ángelo Gallegos 0-0: Ground out 4-3 (Groundball, 4, EV 105.6 MPH)
Bottom of the 6th over - 0 runs, 0 hits, 0 errors, 0 left on base; Maine 0 - Bethlehem 1
TOP OF THE 7TH
Maine Sea Dogs batting - Pitching for Bethlehem Angel Kitties : RHP Francisco Díaz
Batting: LHB Héctor Ancelno 0-0: Ball
1-0: Ball
2-0: Reached via error on a dropped throw from SS, E3 (Groundball, 6, EV 83.8 MPH)
Batting: SHB George McMahon 0-0: Swinging Strike
0-1: Ball
1-1: Ball
2-1: Fielders Choice at 2nd, 2-4 (Groundball, 2L, EV 71.2 MPH)
Batting: RHB Max Brown 0-0: Foul Ball, location: 2F
0-1: Called Strike
0-2: Foul Ball, location: 2F
0-2: Strikes out swinging
Batting: RHB Joe Fuller 0-0: Ball
1-0: Called Strike
1-1: Swinging Strike
1-2: Foul Ball, location: 2F
1-2: Ball
2-2: Fly out, F7 (Flyball, 78M, EV 81.2 MPH)
Top of the 7th over - 0 runs, 0 hits, 1 error, 1 left on base; Maine 0 - Bethlehem 1
BOTTOM OF THE 7TH
Bethlehem Angel Kitties batting - Pitching for Maine Sea Dogs : LHP Christiansen Chemnitz
Pitching: RHP Ben Nederhof
Batting: RHB Christian L'Écuyer 0-0: Foul Ball, location: 2F
0-1: Ball
1-1: Swinging Strike
1-2: Ball
2-2: Fly out, F8 (Line Drive, 8LM, EV 95.0 MPH)
Batting: LHB Cam Nicholson 0-0: Ground out 4-3 (Groundball, 4S, EV 81.2 MPH)
Batting: RHB Wyatt Shepherd 0-0: Fly out, F4 (Popup, 34S, EV 83.1 MPH)
Bottom of the 7th over - 0 runs, 0 hits, 0 errors, 0 left on base; Maine 0 - Bethlehem 1
TOP OF THE 8TH
Maine Sea Dogs batting - Pitching for Bethlehem Angel Kitties : RHP Francisco Díaz
Now in LF: Dieter de Jong
Batting: LHB Bill Fisher 0-0: Ball
1-0: Foul Ball, location: 2F
1-1: Called Strike
1-2: Ball
2-2: Foul Ball, location: 2F
2-2: Foul Ball, location: 2F
2-2: Fly out, F3 (Line Drive, 3, EV 76.2 MPH)
Batting: RHB Jesús Bonilla 0-0: Fly out, F8 (Flyball, 8RXD, EV 79.4 MPH)
Batting: RHB Michael Lindsey 0-0: Ball
1-0: Swinging Strike
1-1: Foul Ball, location: 2F
1-2: Single, Error in OF, E7, batter to second base (Line Drive, 7LM, EV 101.2 MPH)
Batting: LHB Juan Sapinoso 0-0: Ball
1-0: Ball
2-0: Called Strike
2-1: Foul Ball, location: 2F
2-2: Foul Ball, location: 2F
2-2: Foul Ball, location: 2F
2-2: Ball
3-2: Fly out, F8 (Line Drive, 8LM, EV 96.9 MPH)
Top of the 8th over - 0 runs, 1 hit, 1 error, 1 left on base; Maine 0 - Bethlehem 1
BOTTOM OF THE 8TH
Bethlehem Angel Kitties batting - Pitching for Maine Sea Dogs : RHP Ben Nederhof
Batting: LHB Norm Williams 0-0: Ground out 4-3 (Groundball, 4, EV 86.9 MPH)
Batting: SHB Daniel Washington 0-0: Ball
1-0: SINGLE (Groundball, 4MD, EV 96.2 MPH)
Batting: LHB Ernesto Valenzuela 0-0: Swinging Strike
0-1: Ball
1-1: Foul Ball, location: 2F
1-2: Ball
Daniel Washington is caught stealing 2nd base 2-6
2-2: Strikes out looking
Bottom of the 8th over - 0 runs, 1 hit, 0 errors, 0 left on base; Maine 0 - Bethlehem 1
TOP OF THE 9TH
Maine Sea Dogs batting - Pitching for Bethlehem Angel Kitties : RHP Francisco Díaz
Pitching: RHP Roberto Martínez
Batting: RHB Michael Weber 0-0: Foul Ball, location: 2F
0-1: SINGLE (Groundball, 6D, EV 98.1 MPH)
Batting: LHB Héctor Ancelno 0-0: Ball
1-0: Ball
2-0: Ball
3-0: Base on Balls
Michael Weber to second
Batting: SHB George McMahon 0-0: Called Strike
0-1: Ball
1-1: Foul Ball, location: 2F
1-2: Foul Ball, location: 2F
1-2: Foul Ball, location: 2F
1-2: 3-RUN HOME RUN (Flyball, 9LD, EV 105.6 MPH), Distance : 337 ft
Batting: RHB Max Brown 0-0: Foul Ball, location: 2F
0-1: Foul Ball, location: 2F
0-2: Strikes out swinging
Batting: RHB Joe Fuller 0-0: Ground out 4-3 (Groundball, 4, EV 93.8 MPH)
Batting: LHB Bill Fisher 0-0: Called Strike
0-1: Ball
1-1: Swinging Strike
1-2: Strikes out swinging
Top of the 9th over - 3 runs, 2 hits, 0 errors, 0 left on base; Maine 3 - Bethlehem 1
BOTTOM OF THE 9TH
Bethlehem Angel Kitties batting - Pitching for Maine Sea Dogs : RHP Ben Nederhof
Pitching: RHP Kamiel Wabeke
Now at 3B: Dao Ngo
Batting: RHB Hwui-ning Chen 0-0: Foul Ball, location: 2F
0-1: DOUBLE (Flyball, 9LD, EV 115.0 MPH)
Batting: SHB Toshiaki Watanabe 0-0: Ball
1-0: Ball
2-0: SINGLE (Line Drive, 3D, EV 98.1 MPH)
Hwui-ning Chen to third
Pinch Hitting: RHB Jim Ellis 0-0: Called Strike
0-1: Foul Ball, location: 2F
0-2: Foul Ball, location: 2F
0-2: Foul Ball, location: 2F
0-2: Strikes out swinging
Pinch Hitting: SHB Frunze Khcheyan 0-0: Called Strike
0-1: Ball
1-1: Ground out 4-3 (Groundball, 34D, EV 100.6 MPH)
Hwui-ning Chen scores
Toshiaki Watanabe to second
Batting: LHB Cam Nicholson 0-0: Ball
1-0: Fly out, F8 (Line Drive, 8RD, EV 108.1 MPH)
Bottom of the 9th over - 1 run, 2 hits, 0 errors, 1 left on base; Maine 3 - Bethlehem 2
Tuesday, January 5th, 2021 - OOTP Baseball 20.8 Build 74